 Dungeon Crawl Stone Soup version 0.30-a0-1043-g60ff8d5f49 (webtiles) character file.

Game seed: 16806869253266748505

312 Nerbie the Chopper (level 6, -1/56 HPs)
             Began as a Minotaur Berserker on Apr 10, 2023.
             Was a Believer of Trog.
             Slain by an adder (3 damage)
             ... on level 4 of the Dungeon.
             The game lasted 00:05:10 (2849 turns).

Nerbie the Chopper (Minotaur Berserker)             Turns: 2849, Time: 00:05:13

Health: -1/56      AC:  2    Str: 22    XL:     6   Next: 18%
Magic:  4/4        EV: 12    Int:  8    God:    Trog [**....]
Gold:   153        SH:  0    Dex:  9    Spells: 5/5 levels left

rFire   . . .      SeeInvis .    a - +0 hand axe
rCold   . . .      Faith    .    (no shield)
rNeg    . . .      Spirit   .    b - +0 animal skin
rPois   .          Reflect  .    (helmet restricted)
rElec   .          Rampage  .    (no cloak)
rCorr   .          Clarity  +    (no gloves)
Will    .....                    (no boots)
Stlth   +                        (no amulet)
HPRegen 0.29/turn                (no ring)
MPRegen 0.09/turn                (no ring)

@: lethally poisoned (-1 -> -15)
A: horns 2, retaliatory headbutt, clarity, clever 1, low MP 1, wild magic 1
a: Renounce Religion, Berserk, Trog's Hand


You were on level 4 of the Dungeon.
You worshipped Trog.
Trog was pleased with you.
You visited 1 branch of the dungeon, and saw 4 of its levels.

You collected 153 gold pieces.

Inventory:

Hand Weapons
 a - a +0 hand axe (weapon)
Armour
 b - a +0 animal skin (worn)
Scrolls
 d - 2 scrolls of immolation {unknown}
 e - 3 scrolls of teleportation {unknown}
 f - 2 scrolls of butterflies {unknown}
 g - 2 scrolls of identify {unknown}
 h - 2 scrolls of enchant weapon {unknown}
 l - a scroll of brand weapon {unknown}
 m - a scroll of magic mapping {unknown}
Potions
 c - a potion of brilliance {unknown}
 i - 2 potions of attraction {unknown}
 k - a potion of lignification {unknown}
 n - a potion of mutation
 o - a potion of resistance {unknown}
 p - a potion of curing {unknown}


   Skills:
 + Level 5.5 Fighting
 + Level 6.0 Axes
 + Level 2.9 Armour
 + Level 3.8 Dodging
 + Level 0.6 Stealth


You had 5 spell levels left.
You didn't know any spells.
Your spell library was empty.

Dungeon Overview and Level Annotations

Branches:
Dungeon (4/15)
 Temple: D:4-7

Altars:
Uskayaw

Shops:
D:2 (


Innate Abilities, Weirdness & Mutations

You have a pair of horns on your head.
You reflexively headbutt those who attack you in melee.
You possess an exceptional clarity of mind.
Your mind is acute. (Int +4, Str/Dex -1)
Your magical capacity is low. (-10% MP)
Your spells are a little harder to cast, but a little more powerful.


Message History

You miss the water moccasin.
The water moccasin is moderately wounded.
You closely miss the adder. You closely miss the orc priest.
* * * LOW HITPOINT WARNING * * *
You feel very sick. The adder closely misses you.
The water moccasin closely misses you. The adder bites you but does no damage.
The orc priest completely misses you. You furiously retaliate!
You headbutt the orc priest. The water moccasin bites you.
* * * LOW HITPOINT WARNING * * *
You feel much better.
You feel sick. The adder bites you but does no damage.
The water moccasin misses you.
You barely miss the water moccasin.
The water moccasin is moderately wounded.
You barely miss the orc priest. You hit the adder.
You feel sick. The adder misses you.
The water moccasin bites you but does no damage.
The orc priest hits you with a +0 club.
You slash the water moccasin!
The water moccasin is heavily wounded.
You hit the orc priest. You hit the adder but do no damage.
You hit the orc wizard.
You feel sick. The water moccasin bites you.
* * * LOW HITPOINT WARNING * * *
You are lethally poisoned!
The water moccasin poisons you! The adder bites you.
* * * LOW HITPOINT WARNING * * *
The water moccasin closely misses you. You furiously retaliate!
You headbutt the water moccasin! The adder barely misses you.
The orc priest hits you with a +0 club.
* * * LOW HITPOINT WARNING * * *
The orc wizard hits you with a +0 dagger.
* * * LOW HITPOINT WARNING * * *
It was a potion of mutation.
You feel extremely strange.
You feel clever.
You feel less energetic.
You feel less in control of your magic.
Your thoughts seem clearer.
* * * LOW HITPOINT WARNING * * *
You feel very sick.
The water moccasin bites you but does no damage.
The adder bites you.
You die...

## #.# #...##..# #..#
##.# ##..##..#
.....#..# ##...#..#
#.....####.......#
##..#..†.........###
#..####...##.......##
#.# ######<........
#.# ###S........ #S
#).S@.#####. #
#....oo## #..######
.... ... .. .


You could see a water moccasin, an orc priest, an orc wizard and an adder.

Vanquished Creatures
  An ice beast (D:3)
  A jelly (D:3)
  A hound (D:3)
  Jessica (D:2)
  Terence (D:2)
  4 adders
  2 worms (D:3)
  A dart slug (D:1)
  3 orcs
  6 endoplasms
  A giant cockroach (D:3)
  7 goblins
  A jackal (D:3)
  2 quokkas
  4 ball pythons
  12 bats
  4 frilled lizards
  5 kobolds
  21 rats
78 creatures vanquished.

Notes
Turn   | Place    | Note
-------+----------+-------------------------------------------
     0 | D:1      | Nerbie the Minotaur Berserker began the quest for the Orb.
     0 | D:1      | Reached XP level 1. HP: 19/19 MP: 0/0
   204 | D:1      | Reached skill level 4 in Axes
   204 | D:1      | Reached XP level 2. HP: 24/27 MP: 1/1
   215 | D:1      | Found a faded altar of an unknown god.
   529 | D:1      | Reached ** piety under Trog
   769 | D:2      | Reached XP level 3. HP: 28/34 MP: 2/2
   809 | D:2      | Found Ovoiz's Antique Weapon Emporium.
   883 | D:2      | Noticed Jessica
   890 | D:2      | Killed Jessica
  1046 | D:2      | Reached XP level 4. HP: 39/41 MP: 3/3
  1083 | D:2      | Noticed Terence
  1098 | D:2      | Killed Terence
  1184 | D:2      | Found a hide-covered altar of Uskayaw.
  1611 | D:3      | Noticed an ice beast
  1627 | D:3      | Killed an ice beast
  1628 | D:3      | Reached skill level 5 in Fighting
  1628 | D:3      | Reached skill level 5 in Axes
  1628 | D:3      | Reached XP level 5. HP: 33/48 MP: 4/4
  2031 | D:3      | Identified the +0 leather armour of Jotuj {Fly rN++ Slay+3}
  2468 | D:3      | Reached XP level 6. HP: 18/56 MP: 5/5
  2786 | D:4      | Reached skill level 6 in Axes
  2814 | D:4      | Noticed a water moccasin
  2849 | D:4      | Gained mutation: Your mind is acute. (Int +4, Str/Dex -1)
                  | [potion of mutation]
  2849 | D:4      | Gained mutation: Your magical capacity is low. (-10% MP)
                  | [potion of mutation]
  2849 | D:4      | Gained mutation: Your spells are a little harder to cast,
                  | but a little more powerful. [potion of mutation]
  2849 | D:4      | Gained mutation: You possess an exceptional clarity of
                  | mind. [potion of mutation]
  2849 | D:4      | HP: 2/56 [poisoned by a water moccasin]
  2849 | D:4      | Slain by an adder

Illustrated notes

Levels and vault maps discovered:
D:1:      scummos_arrival_gate, layout_basic, shapermc_ecumenical_altar_venn
D:2:      layout_basic, serial_shops, shop, basic_altar, uniq_terence,
          uniq_jessica
D:3:      minmay_chambers_of_threes, layout_loops_ring,
          minmay_misc_feat_diagonals, minmay_rat_hole
D:4:      layout_layer_cave, riverfiend_overflow_shadow_ancestor, uniq_pikel

Skill      XL: |  1  2  3  4  5  6 |
---------------+-------------------+-----
Axes           | 4 5 6 |  6.0
Fighting       | 4 5 |  5.5
Dodging        | 3 |  3.8
Armour         | |  2.9
Stealth        | |  0.6

Action                     |  1- 3 |  4- 6 || total
---------------------------+-------+-------++-------
  Melee: Hand axe          |    44 |   100 ||   144
         Headbutt          |     6 |    21 ||    27
         Punch             |       |     3 ||     3
    Use: Potion            |       |     3 ||     3
 Armour: Animal skin       |    17 |    19 ||    36
  Dodge: Dodged            |    40 |    72 ||   112

Table legend: (Time is in decaauts)
 A = Elapsed time spent in this place.
 B = Non-inter-level travel time spent in this place.
 C = Inter-level travel time spent in this place.
 D = Time resting spent in this place.
 E = Time spent auto-exploring this place.
 F = Levels seen in this place.
 G = Mean time per level.
                   A        B        C        D        E       F      G
               +--------+--------+--------+--------+--------+-----+--------+
         Total |   2861 |   2797 |     64 |      0 |   2174 |   4 |  715.2 |
       Dungeon |   2861 |   2797 |     64 |      0 |   2174 |   4 |  715.2 |
               +--------+--------+--------+--------+--------+-----+--------+

Top non-repeatable levels by time:
     D:3: 1288 daAuts
     D:1: 764 daAuts
     D:2: 737 daAuts
     D:4: 71 daAuts
